 Dungeon Crawl Stone Soup version 0.28-a0-563-gf77a47075d (webtiles) character file.

Game seed: 10103528044228271993

18844 lunkers the Brawler (level 12, -5/128 HPs)
             Began as a Troll Cinder Acolyte on Sept 29, 2021.
             Was a High Priest of Ignis.
             Slain by an eight-headed hydra (6 damage)
             ... on level 1 of the Lair of Beasts.
             The game lasted 00:25:08 (10559 turns).

lunkers the Brawler (Troll Cinder Acolyte)         Turns: 10559, Time: 00:25:08

Health: -5/128     AC:  6    Str: 25    XL:     12   Next: 31%
Magic:  12/12      EV: 13    Int: 10    God:    Ignis [*****.]
Gold:   675        SH:  0    Dex:  9    Spells: 13/13 levels left

rFire   + . .      SeeInvis .     - Unarmed
rCold   + . .      Faith    .   (no shield)
rNeg    . . .      Spirit   .   A - +0 troll leather armour
rPois   .          Reflect  .   (helmet restricted)
rElec   .          Harm     .   (no cloak)
rCorr   .          Rampage  .   (gloves unavailable)
Will    .....                   (boots unavailable)
Stlth   +.........              c - amulet of the acrobat
HPRegen 2.31/turn               n - ring of protection from cold
MPRegen 0.13/turn               o - +4 ring of evasion

@: studying Fighting
A: large, unfitting armour, claws 3, regeneration 1, shaggy fur 1, tough skin 1
a: Renounce Religion, Sea of Fire, Foxfire Swarm, Rising Flame


You were on level 1 of the Lair of Beasts.
You worshipped Ignis.
Ignis was extremely pleased with you.
You visited 2 branches of the dungeon, and saw 13 of its levels.
You also visited: Ossuary and Bailey.

You collected 675 gold pieces.

Inventory:

Missiles
 b - 5 boomerangs
 e - 7 curare-tipped darts
 f - 2 throwing nets
 j - 359 stones
 l - 41 poisoned darts (quivered)
 t - 17 javelins
 K - 7 large rocks
Armour
 a - a +1 robe
 A - a +0 troll leather armour (worn)
Jewellery
 c - an amulet of the acrobat (around neck)
 n - a ring of protection from cold (left claw)
 o - a +4 ring of evasion (right claw)
 x - a ring of see invisible
Wands
 p - a wand of acid (3)
 B - a wand of polymorph (3)
 H - a wand of iceblast (15)
 I - a wand of mindburst (1)
 J - a wand of paralysis (21)
Scrolls
 k - 2 scrolls of teleportation
 q - 5 scrolls of fear
 s - a scroll of brand weapon
 u - 2 scrolls of immolation
 y - 3 scrolls of enchant weapon
 z - 2 scrolls of blinking
 C - 3 scrolls of summoning
 E - a scroll of fog
 F - 2 scrolls of amnesia
 G - a scroll of identify
 L - a scroll of torment {unknown}
Potions
 d - 5 potions of flight
 g - 4 potions of haste
 h - 5 potions of heal wounds
 i - 6 potions of curing
 m - 2 potions of lignification
 r - 2 potions of cancellation
 v - 3 potions of resistance
 w - 3 potions of mutation
 D - a potion of magic


   Skills:
 + Level 10.6 Fighting
 + Level 4.3 Throwing
 * Level 15.7 Unarmed Combat
 - Level 1.0 Spellcasting
 - Level 2.1 Fire Magic
 - Level 4.0 Evocations


You had 13 spell levels left.
You didn't know any spells.
Your spell library contained the following spells:

 Spells                   Type           Power      Damage    Failure   Level
 Scorch                   Fire           8%         2d5       24%         2
 Corpse Rot               Necr/Air       N/A        N/A       52%         2
 Poisonous Vapours        Pois/Air       0%         N/A       52%         2
 Static Discharge         Conj/Air       0%         N/A       52%         2
 Sublimation of Blood     Necr           0%         N/A       52%         2
 Wereblood                Tmut           0%         N/A       52%         2
 Portal Projectile        Hex/Tloc       0%         N/A       75%         3
 Cause Fear               Hex            0%         N/A       98%         4
 Blade Hands              Tmut           0%         N/A       100%        5
 Excruciating Wounds      Necr           0%         N/A       100%        5
 Lightning Bolt           Conj/Air       0%         1d11      100%        5
 Dragon Form              Tmut           0%         N/A       100%        7
 Summon Hydra             Summ           0%         N/A       100%        7
 Maxwell's Capacitive Co  Air            0%         ∞         100%        8
 Dragon's Call            Summ           0%         N/A       100%        9


Dungeon Overview and Level Annotations

Branches:
Dungeon (12/15)            Temple (0/1) D:7            Lair (1/6) D:10
    Orc (0/2) D:12        Ossuary (visited)          Bailey (visited)

Altars:
Ru

Portals:
Gauntlet: Lair:1

Annotations:
D:8 2 transporters, qdestroyer's ghost, novice GrBe


Innate Abilities, Weirdness & Mutations

You are too large for most types of armour.
You have claws for hands.
Your natural rate of healing is unusually fast.
You are covered in fur. (AC +1)
You have tough skin. (AC +1)


Message History

The bullfrog seems to be corroded for longer.
You kill the bullfrog!
The eight-headed hydra bites you but does no damage.
The eight-headed hydra bites you.
* * * LOW HITPOINT WARNING * * *
The eight-headed hydra bites you!
* * * LOW HITPOINT WARNING * * *
The eight-headed hydra bites you but does no damage.
The eight-headed hydra bites you.
* * * LOW HITPOINT WARNING * * *
The eight-headed hydra bites you but does no damage.
The eight-headed hydra bites you!
* * * LOW HITPOINT WARNING * * *
The eight-headed hydra misses you.
Aiming: Corrosive Bolt
Press: ? - help, Shift-Dir - straight line, f/p - eight-headed hydra
Aim: an eight-headed hydra (heavily wounded, covered in acid, 91% to hit)
The bolt of acid hits the eight-headed hydra.
The eight-headed hydra is severely wounded.
The eight-headed hydra bites you but does no damage.
The eight-headed hydra closely misses you.
The eight-headed hydra bites you.
* * * LOW HITPOINT WARNING * * *
The eight-headed hydra bites you!
* * * LOW HITPOINT WARNING * * *
The eight-headed hydra barely misses you.
The eight-headed hydra bites you!
* * * LOW HITPOINT WARNING * * *
The eight-headed hydra barely misses you.
The eight-headed hydra bites you!
* * * LOW HITPOINT WARNING * * *
Aiming: Corrosive Bolt
Press: ? - help, Shift-Dir - straight line, f/p - eight-headed hydra
Aim: an eight-headed hydra (severely wounded, covered in acid, 91% to hit)
The bolt of acid hits the eight-headed hydra!
The eight-headed hydra is severely wounded.
The eight-headed hydra bites you!
* * * LOW HITPOINT WARNING * * *
The eight-headed hydra misses you. The eight-headed hydra bites you.
You die...

### ###.##### #
###...[...# ## ∩.
#.........# #. ...
#.........####. ....
###.P.......##... .....
#............#.P.
......##.###............
......D@.# #....)....##.
......#### #.......#.###
+##.# #.......### # #
#####.### #..# #.## #.#
## #######.## ##.
.........####..


You could see an eight-headed hydra (corroded).

Vanquished Creatures
  An ice dragon (D:11)
  A hydra (Lair:1)
  An ogre mage (D:11)
  4 two-headed ogres
  An orc knight (D:11)
  An ugly thing (D:11)
  2 cyclopes (D:11)
  2 gargoyles
  A komodo dragon (D:11)
  4 trolls
  4 dream sheep (Lair:1)
  3 shadows (D:11)
  3 vampires
  5 wraiths
  2 wyverns
  16 yaks
  An acid dragon (D:11)
  2 water moccasins (D:7)
  12 orc warriors
  2 ice beasts
  2 black bears (D:6)
  A hornet zombie (Ossuary)
  A necrophage (D:6)
  17 centaurs
  An ogre (D:7)
  3 kobold brigands
  4 bullfrogs
  4 gnoll sergeants
  A wyvern zombie (Ossuary)
  A water moccasin zombie (Ossuary)
  11 wights
  4 howler monkeys (D:11)
  2 bullfrog zombies (Ossuary)
  8 centaur zombies
  A jelly (D:5)
  6 orc priests
  4 iguanas
  Terence (D:2)
  9 orc wizards
  3 killer bee zombies
  19 mummies (Ossuary)
  A howler monkey zombie (D:9)
  2 howler monkey skeletons
  9 adders
  20 gnolls
  2 shadow imps
  3 white imps
  A worm (D:2)
  2 dart slugs
  42 orcs
  6 endoplasms
  9 giant cockroaches
  8 goblins
  4 hobgoblins
  4 jackals (D:1)
  20 kobolds
  5 quokkas
  9 ball pythons
  5 bats
  A frilled lizard (D:2)
  5 rats
329 creatures vanquished.

Vanquished Creatures (others)
  An orc (Bailey)
  A fungus (Lair:1)
  2 plants (D:10)
  3 withered plants (Ossuary)
7 creatures vanquished.

Grand Total: 336 creatures vanquished

Notes
Turn   | Place    | Note
-------+----------+-------------------------------------------
     0 | D:1      | lunkers the Troll Cinder Acolyte began the quest for the
                  | Orb.
     0 | D:1      | Reached XP level 1. HP: 22/22 MP: 1/1
   114 | D:1      | Reached XP level 2. HP: 17/29 MP: 2/2
   427 | D:1      | Reached XP level 3. HP: 36/36 MP: 3/3
   962 | D:2      | Reached skill level 4 in Unarmed Combat
  1196 | D:2      | Noticed Terence
  1202 | D:2      | Killed Terence
  1203 | D:2      | Reached XP level 4. HP: 45/45 MP: 4/4
  1337 | D:2      | Found a faded altar of an unknown god.
  2298 | D:3      | Reached skill level 5 in Unarmed Combat
  2301 | D:3      | Reached XP level 5. HP: 41/53 MP: 5/5
  2839 | D:5      | Entered Level 5 of the Dungeon
  2970 | D:5      | Reached XP level 6. HP: 23/62 MP: 6/6
  3067 | D:5      | Reached skill level 6 in Unarmed Combat
  3354 | D:5      | Found a sand-covered staircase.
  3359 | Ossuary  | Entered an ossuary
  3388 | Ossuary  | Reached XP level 7. HP: 59/70 MP: 7/7
  3399 | Ossuary  | Reached skill level 7 in Unarmed Combat
  3464 | Ossuary  | Reached skill level 8 in Unarmed Combat
  3500 | Ossuary  | Reached skill level 5 in Fighting
  3518 | Ossuary  | Reached XP level 8. HP: 80/80 MP: 8/8
  4128 | D:6      | Reached skill level 9 in Unarmed Combat
  4448 | D:6      | Reached skill level 10 in Unarmed Combat
  4475 | D:6      | Reached XP level 9. HP: 86/89 MP: 9/9
  4789 | D:6      | Noticed a troll
  4807 | D:6      | Killed a troll
  4914 | D:7      | Found a sacrificial altar of Ru.
  5026 | D:7      | Found a staircase to the Ecumenical Temple.
  5082 | D:7      | Reached skill level 11 in Unarmed Combat
  5177 | D:7      | Identified the +2 short sword of Misery {freeze, Str+3}
  5748 | D:8      | Noticed a cyan ugly thing
  5748 | D:8      | Noticed a centaur warrior
  5750 | D:8      | Found a transporter.
  5750 | D:8      | Noticed qdestroyer's ghost (novice GrBe)
  5754 | D:8      | Found a transporter.
  6298 | D:8      | Reached skill level 12 in Unarmed Combat
  6411 | D:8      | Reached XP level 10. HP: 34/102 MP: 10/10
  6985 | D:9      | Reached skill level 13 in Unarmed Combat
  7309 | D:10     | Entered Level 10 of the Dungeon
  7323 | D:10     | Reached skill level 1 in Evocations
  7416 | D:10     | Noticed a two-headed ogre
  7432 | D:10     | Killed a two-headed ogre
  7433 | D:10     | Reached XP level 11. HP: 20/113 MP: 11/11
  7542 | D:10     | Found a staircase to the Lair.
  7987 | D:10     | You fall into a shaft and drop 2 floors!
  8000 | D:12     | Found a staircase to the Orcish Mines.
  8112 | D:11     | Found a flagged portal.
  8131 | Bailey   | Entered a bailey
  8178 | Bailey   | Reached skill level 14 in Unarmed Combat
  8823 | Bailey   | Identified the +7 executioner's axe of Certain Death
                  | {speed, Dex+7}
  9123 | D:11     | Noticed a two-headed ogre
  9145 | D:11     | Killed a two-headed ogre
  9146 | D:11     | Reached skill level 1 in Throwing
  9221 | D:11     | Noticed a two-headed ogre
  9230 | D:11     | Killed a two-headed ogre
  9522 | D:11     | Noticed a white ugly thing
  9541 | D:11     | Killed a white ugly thing
  9667 | D:11     | Reached skill level 15 in Unarmed Combat
  9695 | D:11     | Noticed a two-headed ogre
  9695 | D:11     | Noticed an orc knight
  9697 | D:11     | Noticed an ice dragon
  9813 | D:11     | Noticed an ogre mage
  9818 | D:11     | Killed an ogre mage
  9819 | D:11     | Reached skill level 10 in Fighting
  9828 | D:11     | Reached XP level 12. HP: 126/126 MP: 12/12
  9908 | D:11     | Killed an ice dragon
  9921 | D:11     | Killed a two-headed ogre
 10353 | Lair:1   | Entered Level 1 of the Lair of Beasts
 10353 | Lair:1   | Noticed a four-headed hydra
 10364 | Lair:1   | Killed a four-headed hydra
 10553 | Lair:1   | Found a gate leading to a gauntlet.
 10553 | Lair:1   | Noticed an eight-headed hydra
 10559 | Lair:1   | HP: 1/128 [eight-headed hydra (11)]
 10559 | Lair:1   | Slain by an eight-headed hydra

Illustrated notes

Levels and vault maps discovered:
D:1:      minmay_arrival_four_houses, layout_basic
D:2:      layout_loops_corners, basic_ecumenical_altar, serial_forest,
          infiniplex_forest_corner_2, infiniplex_forest_straight_3,
          infiniplex_forest_lined_room_, infiniplex_forest_end_3,
          infiniplex_forest_straight_2, infiniplex_forest_lined_4_way,
          kennysheep_generic_room_5, uniq_terence
D:3:      layout_loops_ring
D:4:      layout_cave_pools, hangedman_minor_gate_pass
D:5:      layout_basic, enter_ossuary_2, minmay_misc_feat_roman,
          grunt_ministairs_1, minmay_misc_feat_nine_boxes
D:6:      layout_loops_ring, minmay_fractal_squares_gapless_5
D:7:      layout_cave_pods, nicolae_ru_sacrificial_ziggurat,
          minmay_temple_entry_gardened_gates, due_unseen_surprise
D:8:      layout_gridville, gammafunk_ghost_arena
D:9:      layout_basic
D:10:     layout_basic, dpeg_oklobed_lair
D:11:     nzn_winding_woodlands_medium [nzn_winding_woodlands_5x5_default,
          nzn_winding_woodlands_5x15_parted, nzn_winding_woodlands_hourglass,
          nzn_winding_woodlands_5x5_checkerboard,
          nzn_winding_woodlands_center_lodge,
          nzn_winding_woodlands_5x5_perimeter,
          nzn_winding_woodlands_5x5_open_star,
          nzn_winding_woodlands_5x15_sidewinder,
          nzn_winding_woodlands_5x5_closed_star], layout_stronghold,
          enter_bailey_7
D:12:     layout_loops_corners, orc_0_dummy, serial_shops, shop
Lair:1:   layout_roguey, gauntlet_entry_generic, uniq_gastronok

Skill      XL: |  1  2  3  4  5  6  7  8  9 10 11 12 |
---------------+-------------------------------------+-----
Unarmed Combat | 4 5 6 8 10 12 13 15 | 15.7
Fighting       | 3 4 5 6 7 8 10 | 10.6
Evocations     | 2 4 |  4.0
Throwing       | 3 4 |  4.3
Spellcasting   | |  1.0
Fire Magic     | |  2.1

Action                   |  1- 3 |  4- 6 |  7- 9 | 10-12 || total
-------------------------+-------+-------+-------+-------++-------
Melee: Unarmed           |    91 |   151 |   303 |   432 ||   977
       Punch             |       |     1 |     6 |    26 ||    33
Throw: Boomerang         |     4 |     4 |       |       ||     8
       Stone             |    16 |       |       |       ||    16
       Dart              |     5 |    42 |    16 |    51 ||   114
Evoke: Wand              |       |       |       |    16 ||    16
  Use: Scroll            |       |    10 |     3 |    11 ||    24
Armor: Robe              |    28 |    25 |    46 |       ||    99
       Troll leather arm |       |       |    22 |   100 ||   122
Dodge: Dodged            |    49 |    98 |   247 |   525 ||   919

Table legend: (Time is in decaauts)
 A = Elapsed time spent in this place.
 B = Non-inter-level travel time spent in this place.
 C = Inter-level travel time spent in this place.
 D = Time resting spent in this place.
 E = Time spent auto-exploring this place.
 F = Levels seen in this place.
 G = Mean time per level.
                   A        B        C        D        E       F      G
               +--------+--------+--------+--------+--------+-----+--------+
         Total |  10462 |  10204 |    258 |     98 |   7308 |  15 |  697.5 |
       Dungeon |   9065 |   8807 |    258 |     71 |   6774 |  12 |  755.4 |
          Lair |    199 |    199 |      0 |      0 |    146 |   1 |  199.0 |
       Ossuary |    414 |    414 |      0 |      3 |    176 |   1 |  414.0 |
        Bailey |    782 |    782 |      0 |     24 |    211 |   1 |  782.0 |
               +--------+--------+--------+--------+--------+-----+--------+

Top non-repeatable levels by time:
    D:11: 1393 daAuts
     D:2: 955 daAuts
     D:5: 888 daAuts
     D:9: 876 daAuts
  Bailey: 782 daAuts
     D:8: 773 daAuts
     D:7: 762 daAuts
     D:6: 760 daAuts
    D:10: 755 daAuts
     D:1: 673 daAuts
     D:3: 663 daAuts
     D:4: 534 daAuts
 Ossuary: 414 daAuts
  Lair:1: 199 daAuts
    D:12: 29 daAuts
